 Dungeon Crawl Stone Soup version 0.30.0-5-g1a98f26d00 (webtiles) character file.

Game seed: 8394436154039226133

129 turdburglar the Cutter (level 4, -19/34 HPs)
             Began as a Demonspawn Gladiator on May 10, 2023.
             Demolished by Crazy Yiuf the mana viper (shapeshifter) (20 damage)
             ... on level 2 of the Dungeon.
             The game lasted 00:03:44 (1880 turns).

turdburglar the Cutter (Demonspawn Gladiator)       Turns: 1880, Time: 00:03:45

Health: -19/34     AC:  5    Str: 15    XL:     4   Next: 88%
Magic:  0/4        EV: 12    Int:  9    God:
Gold:   53         SH:  0    Dex: 16    Spells: 3/3 levels left

rFire   . . .        h - +1 dagger (chaos)
rCold   . . .        (no shield)
rNeg    . . .        k - +0 ring mail
rPois   .            (helmet restricted)
rElec   .            (no cloak)
rCorr   .            (no gloves)
SInv    .            (no boots)
Will    .....        (no amulet)
Stlth   +            (no ring)
HPRegen 0.25/turn    (no ring)
MPRegen 0.09/turn

%: no passive effects
@: no status effects
A: antennae 1, demonic guardian 1, demonic touch 1
a: no special abilities


You were on level 2 of the Dungeon.
You visited 1 branch of the dungeon, and saw 3 of its levels.

You collected 157 gold pieces.
You spent 104 gold pieces at shops.

Inventory:

Hand Weapons
 a - a +0 rapier
 f - a +0 short sword
 h - a +1 dagger of chaos (weapon)
Missiles
 d - 3 throwing nets (quivered)
 e - a javelin
 i - 19 stones
Armour
 b - a +1 leather armour
 k - a +0 ring mail (worn)
Potions
 g - a potion of brilliance
 l - a potion of heal wounds
 n - a potion of curing


   Skills:
 + Level 2.9 Fighting
 * Level 3.8 Short Blades
 + Level 1.7 Throwing
 + Level 1.5 Armour
 + Level 3.2 Dodging


You had 3 spell levels left.
You didn't know any spells.
Your spell library contained the following spells:

 Spells                   Type           Power      Damage    Failure   Level
 Summon Small Mammal      Summ           0%         N/A       61%         1
 Call Canine Familiar     Summ           0%         N/A       93%         3
 Summon Guardian Golem    Hex/Summ       0%         N/A       93%         3


Dungeon Overview and Level Annotations

Branches:
Dungeon (3/15)

Altars:
Vehumet

Shops:
D:2 ?

Annotations:
D:2 Crazy Yiuf


Innate Abilities, Weirdness & Mutations

You have a pair of small antennae on your head.
A weak demonic guardian rushes to your aid.
Your touch may inflict minor irresistible damage on your foes.


Message History

n - a potion of curing
As you read the scroll labelled JYK NU UJUE, it crumbles to dust.
The scroll dissolves into smoke.
It was a scroll of fog.
Crazy Yiuf waves his quarterstaff at you.
Unknown command.
As you read the scroll labelled PIZ DEM BUCOPT, it crumbles to dust.
You hear a loud clanging noise!
It was a scroll of noise.
Unknown command.
Blink to where?
Press: ? - help, Dir - move target
As you read the scroll labelled SYLEINAUNLO, it crumbles to dust.
It was a scroll of blinking.
As you read the scroll labelled SAGU HUCHIOME, it crumbles to dust.
You feel strangely unstable.
It was a scroll of teleportation.
Unknown command.
You start waiting.
Your surroundings suddenly seem different.
You start waiting.
Done waiting.
Crazy Yiuf shouts!
You open the door.
Crazy Yiuf yells, "Pitchfork broken ladder!"
You hit Crazy Yiuf but do no damage.
Crazy Yiuf hits you with a +2 quarterstaff of chaos!
You convulse.
You hit Crazy Yiuf.
Crazy Yiuf changes into a shapeshifter!
Crazy Yiuf the shapeshifter changes into a mana viper!
You hit Crazy Yiuf but do no damage.
Space warps around Crazy Yiuf.
Crazy Yiuf is lightly wounded.
Crazy Yiuf bites you!!
Ouch! That really hurt!
* * * LOW HITPOINT WARNING * * *
A demonic guardian appears!
You feel your power leaking away.
You miss Crazy Yiuf. Your touch misses Crazy Yiuf.
Crazy Yiuf is lightly wounded.
Crazy Yiuf bites you!!
Ouch! That really hurt!
You die...

#.......##..######....#.#.#....
##.#.#.#.##### ####..........
#'.......# #.#.#.#....
##.#.#.#.# ##### #..........
#.......# #..)# #.#.#.#...#
#.#.#.#.# #...# #..........
#.......## ... ##.####...#
###......# #S# ##.## ###..
######## ##@# #...#####.# #5##
#...#...... ##.# #...#......
#.## #...#...... ##.##
##.......... #.PP##
#..........# #.PP.#
#..#.#.#.#.. #....#
#..........#
##..#####..#.#.#.#.#


You could see Crazy Yiuf the mana viper shaped shifter (ally target) and a
friendly shadow imp (summoned).

Vanquished Creatures
  Jessica (D:2)
  2 adders
  A gnoll (D:1)
  A worm (D:2)
  2 dart slugs (D:1)
  11 ball pythons
  2 endoplasms (D:1)
  5 giant cockroaches
  7 goblins
  A hobgoblin (D:1)
  A jackal (D:1)
  8 kobolds
  3 quokkas
  11 bats
  A frilled lizard (D:1)
  11 rats
68 creatures vanquished.

Notes
Turn   | Place    | Note
-------+----------+-------------------------------------------
     0 | D:1      | turdburglar the Demonspawn Gladiator began the quest for
                  | the Orb.
     0 | D:1      | Reached XP level 1. HP: 16/16 MP: 1/1
    60 | D:1      | Discovered your monstrous ancestry.
    60 | D:1      | Gained mutation: Your touch may inflict minor irresistible
                  | damage on your foes. [demonic ancestry]
    60 | D:1      | Reached XP level 2. HP: 22/22 MP: 2/2
   122 | D:1      | Found a large runed translucent door.
   122 | D:1      | Found a large runed translucent door.
   425 | D:1      | Gained mutation: You have a pair of small antennae on your
                  | head. [demonic ancestry]
   425 | D:1      | Reached XP level 3. HP: 27/27 MP: 3/3
   588 | D:1      | HP: 1/28 [dart slug (2)]
   954 | D:2      | Gained mutation: A weak demonic guardian rushes to your
                  | aid. [demonic ancestry]
   954 | D:2      | Reached XP level 4. HP: 34/34 MP: 4/4
   965 | D:2      | Reached skill level 1 in Armour
  1016 | D:2      | Found a radiant altar of Vehumet.
  1235 | D:2      | Noticed Jessica
  1241 | D:2      | Killed Jessica
  1274 | D:2      | Found a runed translucent door.
  1275 | D:2      | Noticed Crazy Yiuf
  1387 | D:2      | Found Eneall's Magic Scroll Boutique.
  1445 | D:2      | You fall into a shaft and drop 1 floor!
  1650 | D:2      | Bought a scroll of brand weapon for 104 gold pieces
  1878 | D:2      | Crazy Yiuf changed into Crazy Yiuf the shapeshifter
  1878 | D:2      | Noticed Crazy Yiuf (shapeshifter)
  1878 | D:2      | Crazy Yiuf the shapeshifter changed into Crazy Yiuf the
                  | mana viper
  1878 | D:2      | Noticed Crazy Yiuf (shapeshifter)
  1879 | D:2      | HP: 1/34 [Crazy Yiuf the mana viper (shapeshifter) (20)]
  1880 | D:2      | Demolished by Crazy Yiuf the mana viper (shapeshifter)

Illustrated notes

Levels and vault maps discovered:
D:1:      erik_arrival_cave_to_civilisation [erik_arrival_cave_to_temple],
          layout_rooms, chequers_decorated_corner, chequers_arboretum
D:2:      minmay_evil_eye, layout_basic, serial_glass, glass_columns_b,
          glass_columns_a, glass_columns_b, glass_columns_c, glass_columns_b,
          glass_columns_c, glass_columns_b, glass_columns_b, basic_altar,
          serial_shops, nicolae_shop_peninsula, minmay_heptomino_w4,
          uniq_crazy_yiuf_cottage, uniq_jessica
D:3:      layout_loops_ring, minmay_misc_feat_ornament,
          kennysheep_generic_room_3

Skill      XL: |  1  2  3  4 |
---------------+-------------+-----
Short Blades   | 3 |  3.8
Dodging        | 3 |  3.2
Armour         | 1 |  1.5
Fighting       | |  2.9
Throwing       | |  1.7

Action                     |  1- 3 |  4- 6 || total
---------------------------+-------+-------++-------
  Melee: Rapier            |    26 |       ||    26
         Short sword       |    11 |       ||    11
         Dagger            |   109 |    58 ||   167
         Touch             |    19 |     5 ||    24
    Use: Scroll            |     4 |     7 ||    11
 Armour: Leather armour    |    65 |     2 ||    67
         Ring mail         |       |     7 ||     7
  Dodge: Dodged            |   136 |    32 ||   168
